 Dungeon Crawl Stone Soup version 0.29.1-15-g9cfb28693d (webtiles) character file.

Game seed: 2951261943369339395

144018 croobank the Brawler (level 16, -10/170 HPs)
             Began as a Troll Fighter on Apr 23, 2023.
             Was an Elder of Wu Jian.
             Mangled by a wolf spider (13 damage)
             ... on level 1 of the Spider Nest.
             The game lasted 01:54:46 (27050 turns).

croobank the Brawler (Troll Fighter)               Turns: 27050, Time: 01:54:46

Health: -10/170    AC: 13    Str: 24 (31) XL:     16   Next: 84%
Magic:  24/24      EV: 14    Int:  6 (10) God:    Wu Jian [****..]
Gold:   1333       SH: 13    Dex:  8 (9)  Spells: 15/15 levels left

rFire   + . .      SeeInvis .     - Unarmed
rCold   . . .      Faith    .   t - +2 kite shield of the Lonely Friars {Str+3}
rNeg    + . .      Spirit   .   x - +4 troll leather armour
rPois   +          Reflect  .   (helmet restricted)
rElec   +          Harm     .   b - +2 cloak "Apeof" {Rampage rF+}
rCorr   +          Rampage  +   (gloves unavailable)
Will    +....                   (boots unavailable)
Stlth   +++.......              u - amulet of regeneration
HPRegen 2.78/turn               s - ring "Mudir" {rElec rPois rN+ rCorr MP+9}
MPRegen 0.19/turn               Y - +4 ring of evasion

@: lethally poisoned (-10 -> -11), very slightly contaminated
A: large, unfitting armour, claws 3, regeneration 1, shaggy fur 1, tough skin 1
a: Renounce Religion, Wall Jump, Serpent's Lash


You were on level 1 of the Spider Nest.
You worshipped Wu Jian.
Wu Jian was greatly pleased with you.
You visited 6 branches of the dungeon, and saw 26 of its levels.
You also visited: Bailey and Ice Cave.

You collected 2833 gold pieces.
You spent 1500 gold pieces at shops.

Inventory:

Hand Weapons
 B - a +9 long sword of flaming
 E - a +3 broad axe of flaming
 W - the +9 long sword of the Conjuring Gods {venom, rC+ rN+}
   (You took it off a wight on level 10 of the Dungeon)

   It poisons the flesh of those it strikes.
   rC:        It protects you from cold.
   rN:        It protects you from negative energy.
Missiles
 a - 3 throwing nets
 c - 3 silver boomerangs
 o - 3 atropa-tipped darts
 z - 31 large rocks (quivered)
 J - 3 poisoned darts
 Q - 14 curare-tipped darts
Armour
 b - the +2 cloak "Apeof" (worn) {Rampage rF+}
   (You bought it in a shop on level 12 of the Dungeon)

   rF:        It protects you from fire.
   Rampage:   It bestows one free step when moving towards enemies.
 t - the +2 kite shield of the Lonely Friars (worn) {Str+3}
   (You acquired it on level 3 of the Dungeon)

   Str:       It affects your strength (+3).
 x - a +4 troll leather armour (worn)
 U - a +2 robe of willpower
Magical Staves
 d - a staff of earth
 w - a staff of fire
Jewellery
 p - a ring of wizardry
 s - the ring "Mudir" (left claw) {rElec rPois rN+ rCorr MP+9}
   (You acquired it on level 3 of the Dungeon)

   [ring of poison resistance]

   rElec:     It insulates you from electricity.
   rPois:     It protects you from poison.
   rN:        It protects you from negative energy.
   MP:        It affects your magic capacity (+9).
   rCorr:     It protects you from acid and corrosion.
 u - an amulet of regeneration (around neck)
 K - a ring of positive energy
 L - a ring of flight
 Y - a +4 ring of evasion (right claw)
Wands
 q - a wand of light (5)
 y - a wand of flame (23)
 H - a wand of roots (11)
 V - a wand of paralysis (23)
Scrolls
 j - 5 scrolls of torment
 k - 5 scrolls of vulnerability
 l - 6 scrolls of teleportation
 n - a scroll of fog
 v - a scroll of silence
 C - 3 scrolls of fear
 I - 4 scrolls of poison
 M - 7 scrolls of identify
 O - a scroll of summoning
Potions
 e - 2 potions of magic
 f - 8 potions of brilliance
 g - 4 potions of attraction
 i - 2 potions of ambrosia
 m - 6 potions of cancellation
 r - 6 potions of curing
 A - 2 potions of mutation
 D - 2 potions of haste
 F - a potion of lignification
 T - 2 potions of invisibility
Miscellaneous
 G - a condenser vane (inert)


   Skills:
 - Level 13.3 Fighting
 + Level 7.6 Dodging
 - Level 9.1 Stealth
 - Level 13.3 Shields
 * Level 17.0 Unarmed Combat


You had 15 spell levels left.
You didn't know any spells.
Your spell library contained the following spells:

 Spells                   Type           Power      Damage    Failure   Level
 Apportation              Tloc           0%         N/A       67%         1
 Gell's Gravitas          Tloc           0%         N/A       96%         3
 Ignite Poison            Fire/Tmut/Pois 0%         N/A       96%         3
 Lesser Beckoning         Tloc           0%         N/A       96%         3
 Mephitic Cloud           Conj/Pois/Air  0%         N/A       96%         3
 Teleport Other           Tloc           0%         N/A       96%         3
 Cause Fear               Hex            0%         N/A       100%        4
 Fulminant Prism          Conj/Hex       0%         3d6       100%        4
 Iskenderun's Mystic Bla  Conj/Tloc      0%         2d3       100%        4
 Olgreb's Toxic Radiance  Pois           0%         N/A       100%        4
 Passage of Golubria      Tloc           0%         N/A       100%        4
 Alistair's Intoxication  Tmut/Pois      0%         N/A       100%        5
 Freezing Cloud           Conj/Ice/Air   0%         6-21      100%        5
 Lee's Rapid Deconstruct  Erth           0%         3d5*      100%        5
 Silence                  Hex/Air        0%         N/A       100%        5
 Conjure Ball Lightning   Conj/Air       0%         3x3d6     100%        6
 Dragon Form              Tmut           0%         N/A       100%        7
 Ozocubu's Refrigeration  Ice            0%         4d7       100%        7
 Discord                  Hex            0%         N/A       100%        8
 Disjunction              Tloc           0%         N/A       100%        8
 Ignition                 Fire           0%         3d3       100%        8
 Lehudib's Crystal Spear  Conj/Erth      0%         10d2      100%        8
 Dragon's Call            Summ           0%         N/A       100%        9


Dungeon Overview and Level Annotations

Branches:
Dungeon (15/15)            Temple (1/1) D:7            Lair (5/5) D:8
  Swamp (0/4) Lair:2       Spider (2/4) Lair:2        Slime (0/5) Lair:5
    Orc (2/2) D:9             Elf (1/3) Orc:2        Vaults (0/5) D:14
 Depths (0/4) D:15         Bailey (visited)           IceCv (visited)

Altars:
Ashenzari
Cheibriados
Dithmenos
Elyvilon
Fedhas
Gozag
Hepliaklqana
Kikubaaqudgha
Makhleb
Nemelex Xobeh
Okawaru
Qazlal
Ru
Sif Muna
Trog
Uskayaw
Vehumet
Wu Jian
Xom
Yredelemnul
Zin
The Shining One
Jiyva

Shops:
D:5 (   D:12 **   Orc:2 *[(?

Portals:
Trove: D:10 (give +8 demon blade)

Annotations:
D:12 4 runed translucent doors
D:13 exclusion: downstairs


Innate Abilities, Weirdness & Mutations

You are too large for most types of armour.
You have claws for hands.
Your natural rate of healing is unusually fast.
You are covered in fur. (AC +1)
You have tough skin. (AC +1)


Message History

The culicivora barely misses you. The jumping spider closely misses you.
You block the jumping spider's attack. The tarantella barely misses you.
You block the wolf spider's attack. The wolf spider bites you.
* * * LOW HITPOINT WARNING * * *
You are poisoned.
The wolf spider poisons you!
You barely miss the broodmother.
The broodmother is almost dead.
You feel very sick.
The broodmother summons spiders!
The culicivora bites you!
* * * LOW HITPOINT WARNING * * *
The culicivora draws strength from your injuries!
The jumping spider closely misses you. The jumping spider misses you.
You block the tarantella's attack. The wolf spider hits you!
* * * LOW HITPOINT WARNING * * *
The wolf spider bites you but does no damage.
Okay, then.
Blink to where?
Press: ? - help, Dir - move target, p - broodmother
As you read the scroll of blinking, it crumbles to dust.
* * * LOW HITPOINT WARNING * * *
You feel very sick.
The jumping spider leaps! x3
There are monsters nearby!
You mangle the broodmother!!
The broodmother is almost dead.
You feel very sick.
The jumping spider leaps!
The orb spider begins to weave its threads into a brightly glowing ball.
You block the broodmother's attack.
You scratch the broodmother.
You kill the broodmother!
The Council accepts your kill.
The jumping spider disappears in a puff of smoke!
The culicivora disappears in a puff of smoke!
The tarantella disappears in a puff of smoke!
The orb spider disappears in a puff of smoke!
You feel very sick. The wolf spider hits you!
You die...

..####........## ##.###.....## ##
.....##.......####..###...#.####.
.####...[....###......#..###.##..
^# ###...#.##..........## ##.#..
.####....###.........§..#####.#..
.##.......##.§..........##.......
^.........#......°......##.......
............#.....○.†...##.......
...........##...@s>.....##^......
...........##....§§†....#........
...........###............#......
............###...^......##..####
..........##..#####....°.##..#
.........#####..##..###......## #
...^.....# ###..####........###
#.......## ##.........##^####..
#......## ##..........##.## ###


You could see a wolf spider.

Vanquished Creatures
  Rupert (D:14)
  A ghost moth (Spider:1)
  An emperor scorpion (Spider:1)
  A broodmother (Spider:1)
  Nessos (D:13)
  2 entropy weavers (Spider:1)
  4 dire elephants
  Josephine (D:14)
  A rakshasa (D:15)
  An ogre mage (Orc:2)
  7 hydras
  3 boulder beetles
  13 two-headed ogres
  2 radroaches (Spider:1)
  4 centaur warriors
  2 tengu warriors (D:13)
  2 death yaks
  Sonja (Lair:4)
  A spectral death yak (Lair:5)
  A pharaoh ant (Spider:1)
  A spectral anaconda (Lair:5)
  A glowing orange brain (D:15)
  A steelbarb worm (Spider:1)
  An obsidian statue (Lair:5)
  4 necromancers (Lair:5)
  Pikel (D:5)
  5 orc knights
  4 deep elf pyromancers
  4 wolf spiders (Spider:1)
  7 cyclopes
  13 ugly things
  4 manticores
  Maurice (D:9)
  17 elephants
  5 black mambas
  The ghost of adizb the Trooper, a novice DrFi of Trog (D:5)
  Joseph (D:7)
  2 torpor snails
  8 cane toads
  4 gargoyles
  3 rime drakes
  3 unseen horrors
  2 kobold demonologists
  A demonic crawler (Spider:1)
  Maggie (D:6)
  4 komodo dragons
  An efreet (D:13)
  A tengu conjurer (D:15)
  2 freezing wraiths
  A guardian mummy (D:10)
  A yaktaur (shapeshifter) (D:15)
  A merfolk (D:9)
  5 trolls
  7 meliai
  2 polar bears (Lair:4)
  A hornet (D:8)
  9 tarantellas (Spider:1)
  5 blink frogs
  4 slime creatures (D:15)
  3 spectral elephants (Lair:5)
  Prince Ribbit (D:6)
  9 jumping spiders (Spider:1)
  7 dream sheep
  A spriggan (Lair:5)
  2 dire elephant simulacra (Lair:5)
  3 culicivoras (Spider:1)
  A vampire (Bailey)
  Eustachio (D:6)
  58 yaks
  6 wraiths
  16 humans (D:14)
  Grum (D:10)
  10 wyverns
  2 hogs (D:9)
  6 basilisks
  18 redbacks (Spider:1)
  22 vampire mosquitoes
  2 spectral cane toads (Lair:5)
  3 acid dragons
  A hell hound (D:14)
  A warg (Orc:2)
  17 water moccasins
  13 black bears
  A swamp drake (Lair:2)
  34 orc warriors
  An elephant zombie (Lair:5)
  An ice beast (D:7)
  3 sky beasts
  7 ogres
  17 wolves
  13 centaurs
  A lemure (D:5)
  2 elephant skeletons (Lair:5)
  6 kobold brigands
  15 bullfrogs
  3 necrophages
  Blork the orc (D:5)
  A scorpion (D:5)
  4 gnoll sergeants
  A cane toad simulacrum (Lair:5)
  A two-headed ogre simulacrum (Orc:2)
  7 wights
  An elephant simulacrum (Orc:2)
  8 killer bees
  3 howler monkeys
  7 vampire bats (Bailey)
  7 electric eels
  7 wolf zombies (Bailey)
  3 jellies
  3 gnoll boudas
  4 hounds
  8 orc priests
  5 iguanas
  Terence (D:2)
  22 orc wizards
  13 hell rats
  A polar bear simulacrum (Orc:2)
  4 troll simulacra (Orc:2)
  A wolf simulacrum (Orc:2)
  Robin (D:1)
  15 gnolls
  5 adders
  A white imp (D:7)
  An ufetubus (D:5)
  A dart slug (D:5)
  86 orcs
  12 endoplasms
  2 giant cockroaches
  14 goblins
  3 hobgoblins
  3 quokkas
  4 ball pythons
  6 bats
  3 frilled lizards
  16 kobolds
  A kobold (shapeshifter) (D:15)
  14 orc zombies (Bailey)
  3 rats
801 creatures vanquished.

Vanquished Creatures (others)
  26 fungi
  88 plants
  23 withered plants (Lair:5)
137 creatures vanquished.

Grand Total: 938 creatures vanquished

Notes
Turn   | Place    | Note
-------+----------+-------------------------------------------
     0 | D:1      | croobank the Troll Fighter began the quest for the Orb.
     0 | D:1      | Reached XP level 1. HP: 22/22 MP: 0/0
   652 | D:1      | Reached XP level 2. HP: 28/29 MP: 1/1
   863 | D:2      | Noticed Robin
   889 | D:1      | Killed Robin
  1022 | D:1      | Reached XP level 3. HP: 28/36 MP: 2/2
  1272 | D:2      | Reached XP level 4. HP: 44/44 MP: 3/3
  1387 | D:2      | Noticed Terence
  1392 | D:2      | Killed Terence
  1767 | D:3      | Reached skill level 3 in Unarmed Combat
  1858 | D:3      | Reached XP level 5. HP: 53/53 MP: 4/4
  1863 | D:3      | 1
  1866 | D:3      | Identified 3 scrolls of acquirement
  1866 | D:3      | Acquired the ring "Mudir" {rElec rPois rN+ rCorr MP+9}
  1947 | D:3      | Acquired the +2 kite shield of the Lonely Friars {Str+3}
  1992 | D:3      | Acquired a manual of Stealth
  2915 | D:4      | Reached skill level 1 in Stealth
  2915 | D:4      | Reached XP level 6. HP: 47/56 MP: 5/5
  2980 | D:4      | Found an ornate altar of the Wu Jian Council.
  3180 | D:5      | Entered Level 5 of the Dungeon
  3189 | D:5      | Found Gutu's Hydra Hut.
  3200 | D:5      | Reached skill level 4 in Unarmed Combat
  3210 | D:5      | Noticed a four-headed hydra
  3218 | D:5      | Bought a +1 long sword of flaming for 172 gold pieces
  3496 | D:5      | Reached XP level 7. HP: 70/70 MP: 6/6
  3573 | D:5      | Noticed Blork the orc
  3586 | D:5      | Killed Blork the orc
  3685 | D:5      | Found a runed translucent door.
  3690 | D:5      | Noticed adizb's ghost (novice DrFi)
  3703 | D:5      | Killed adizb's ghost
  3704 | D:5      | Reached skill level 5 in Shields
  3704 | D:5      | Reached skill level 5 in Unarmed Combat
  3739 | D:5      | Noticed a wraith
  3751 | D:5      | Killed a wraith
  3752 | D:5      | Reached XP level 8. HP: 79/79 MP: 7/7
  3796 | D:5      | Reached skill level 5 in Fighting
  3915 | D:5      | Found a hazy altar of Hepliaklqana.
  3928 | D:5      | Found a shadowy altar of Dithmenos.
  4197 | D:6      | Noticed Eustachio
  4213 | D:6      | Killed Eustachio
  4260 | D:6      | Noticed Prince Ribbit
  4267 | D:6      | Killed Prince Ribbit
  4268 | D:6      | Reached skill level 6 in Unarmed Combat
  4437 | D:6      | Noticed Maggie
  4443 | D:6      | Killed Maggie
  4444 | D:6      | Reached XP level 9. HP: 13/89 MP: 8/8
  4448 | D:6      | HP: 4/89 [black bear (1)]
  4651 | D:6      | Noticed Pikel
  4686 | D:5      | Killed Pikel
  4687 | D:5      | Reached skill level 7 in Unarmed Combat
  4943 | D:7      | Noticed Joseph
  4964 | D:7      | Killed Joseph
  5029 | D:7      | Found a staircase to the Ecumenical Temple.
  5048 | D:7      | Killed an unseen horror
  5067 | Temple   | Entered the Ecumenical Temple
  5514 | D:7      | Found a flagged portal.
  5525 | Bailey   | Entered a bailey
  5605 | Bailey   | Noticed a gargoyle
  5627 | Bailey   | Killed a gargoyle
  5628 | Bailey   | Reached skill level 8 in Unarmed Combat
  5628 | Bailey   | Reached XP level 10. HP: 41/100 MP: 9/9
  6013 | D:4      | Became a worshipper of the Wu Jian Council
  6374 | D:8      | Found a staircase to the Lair.
  6515 | D:8      | Found Suidur's Magic Scroll Shop.
  6541 | D:8      | Bought a scroll of enchant armour for 90 gold pieces
  6541 | D:8      | Bought a scroll of enchant weapon for 90 gold pieces
  6541 | D:8      | Bought a scroll of blinking for 90 gold pieces
  6616 | D:8      | Reached skill level 5 in Stealth
  6709 | D:8      | Paralysed by a hornet for 2 turns
  6910 | D:8      | Reached skill level 9 in Unarmed Combat
  7019 | D:8      | Bought a scroll of identify for 24 gold pieces
  7089 | D:9      | Reached * piety under Wu Jian
  7338 | D:10     | Entered Level 10 of the Dungeon
  7370 | D:10     | Reached XP level 11. HP: 110/111 MP: 10/10
  7558 | D:10     | Found a sparkling altar of Nemelex Xobeh.
  7587 | D:10     | Identified the +9 long sword of the Conjuring Gods {venom,
                  | rC+ rN+}
  7817 | D:10     | Found a shimmering blue altar of Sif Muna.
  7817 | D:10     | Found a radiant altar of Vehumet.
  7890 | D:10     | Found a shimmering altar of Xom.
  7890 | D:10     | Found a basalt altar of Yredelemnul.
  7891 | D:10     | Found a sacrificial altar of Ru.
  7891 | D:10     | Noticed Grum
  7917 | D:10     | Killed Grum
  7923 | D:10     | Reached ** piety under Wu Jian
  7933 | D:10     | Reached skill level 10 in Unarmed Combat
  8046 | D:10     | Found a glowing golden altar of the Shining One.
  8218 | D:10     | Found a portal to a secret trove of treasure.
  8366 | D:9      | Found a staircase to the Orcish Mines.
  8563 | D:9      | Noticed Maurice
  8605 | D:9      | Killed Maurice
  9231 | D:9      | Found a shimmering altar of Xom.
  9285 | D:9      | Noticed a two-headed ogre
  9322 | D:9      | Killed a two-headed ogre
  9322 | D:9      | Reached *** piety under Wu Jian
  9323 | D:9      | Reached skill level 10 in Shields
  9362 | D:9      | Noticed a two-headed ogre
  9372 | D:9      | Killed a two-headed ogre
  9372 | D:9      | Noticed a two-headed ogre
  9373 | D:9      | Reached XP level 12. HP: 82/123 MP: 11/11
  9378 | D:9      | Killed a two-headed ogre
  9512 | D:9      | Reached skill level 11 in Unarmed Combat
 10635 | D:11     | Noticed a two-headed ogre
 10640 | D:11     | Killed a two-headed ogre
 11270 | D:11     | Reached **** piety under Wu Jian
 11285 | D:11     | Identified the +1 scale mail of Amelioration {Int+6}
 11592 | D:8      | Bought a scroll of immolation for 48 gold pieces
 11592 | D:8      | Bought a scroll of teleportation for 36 gold pieces
 11592 | D:8      | Bought a scroll of teleportation for 36 gold pieces
 11592 | D:8      | Bought a scroll of fear for 48 gold pieces
 11774 | D:12     | Found a large runed translucent door.
 11774 | D:12     | Found a large runed translucent door.
 11789 | D:12     | Reached skill level 10 in Fighting
 11808 | D:12     | Noticed a five-headed hydra
 11816 | D:12     | Killed a one-headed hydra
 11841 | D:12     | Found a large runed translucent door.
 11841 | D:12     | Found a large runed translucent door.
 11862 | D:12     | Noticed a two-headed ogre
 11864 | D:12     | Noticed a two-headed ogre
 11867 | D:12     | Killed a two-headed ogre
 11872 | D:12     | Killed a two-headed ogre
 11886 | D:12     | Noticed a boulder beetle
 11901 | D:12     | Killed a boulder beetle
 12149 | D:12     | Reached skill level 12 in Unarmed Combat
 12203 | D:12     | Found Amurr's Specific Store.
 12207 | D:12     | Found Daovaq's General Store.
 12218 | D:12     | Bought the +2 cloak "Apeof" {Rampage rF+} for 399 gold
                  | pieces
 12231 | D:12     | Bought a potion of haste for 140 gold pieces
 12385 | D:12     | Reached XP level 13. HP: 135/135 MP: 12/12
 12894 | D:13     | Noticed Nessos
 12901 | D:13     | Killed Nessos
 13246 | D:13     | Reached ***** piety under Wu Jian
 13636 | D:14     | Noticed Rupert
 13636 | D:14     | Found a gate to the Vaults.
 13798 | Lair:1   | Entered Level 1 of the Lair of Beasts
 14667 | Lair:2   | Found a staircase to the Swamp.
 15056 | Lair:2   | Found a hole to the Spider Nest.
 15079 | Lair:2   | Reached skill level 5 in Dodging
 15079 | Lair:2   | Reached skill level 13 in Unarmed Combat
 15817 | Lair:3   | Reached XP level 14. HP: 137/146 MP: 13/13
 16382 | Lair:4   | Noticed Sonja
 16385 | Lair:4   | Killed Sonja
 17297 | Lair:5   | Entered Level 5 of the Lair of Beasts
 17487 | Lair:5   | Found a staircase to the Slime Pits.
 17674 | Lair:5   | Found a viscous altar of Jiyva.
 17743 | Lair:5   | Reached skill level 14 in Unarmed Combat
 17743 | Lair:5   | Reached XP level 15. HP: 156/156 MP: 14/14
 17904 | Lair:5   | Identified the +1 scale mail "Erphau Tomm" {rC- Str+3
                  | Int+4}
 18360 | Lair:5   | Reached skill level 15 in Unarmed Combat
 19959 | D:14     | Killed Rupert
 20522 | D:14     | Noticed Josephine
 20530 | D:14     | Killed Josephine
 20618 | D:14     | Identified the +2 leather armour "Qiprecig" {rElec SInv}
 20661 | D:14     | Reached XP level 16. HP: 97/167 MP: 15/15
 20741 | D:14     | Found a white marble altar of Elyvilon.
 21232 | D:15     | Entered Level 15 of the Dungeon
 21431 | Orc:1    | Entered Level 1 of the Orcish Mines
 21560 | Orc:2    | Entered Level 2 of the Orcish Mines
 21628 | Orc:2    | Found a frozen archway.
 21667 | IceCv    | Entered an ice cave
 21677 | IceCv    | Found a transporter.
 22386 | Orc:2    | Found a shimmering altar of Xom.
 22501 | Orc:2    | Found a staircase to the Elven Halls.
 22566 | Orc:2    | Reached skill level 16 in Unarmed Combat
 22737 | Orc:2    | Found Gaonuch's Antique Weapon Shoppe.
 22737 | Orc:2    | Found Qesan's Armour Shop.
 22739 | Orc:2    | Found Ughe's General Store.
 22741 | Orc:2    | Found Ufirph's Magic Scroll Emporium.
 22746 | Orc:2    | Bought a scroll of summoning for 133 gold pieces
 22751 | Orc:2    | Bought a scroll of enchant weapon for 97 gold pieces
 22751 | Orc:2    | Bought a scroll of enchant armour for 97 gold pieces
 24048 | D:15     | Found a shadowy altar of Dithmenos.
 24619 | D:15     | Found a staircase to the Depths.
 24808 | Elf:1    | Entered Level 1 of the Elven Halls
 25054 | Spider:1 | Entered Level 1 of the Spider Nest
 26807 | Spider:1 | Reached skill level 17 in Unarmed Combat
 27047 | Spider:1 | HP: 7/170 [wolf spider (7)]
 27050 | Spider:1 | HP: 3/170 [poisoned by a wolf spider]
 27050 | Spider:1 | Mangled by a wolf spider

Illustrated notes

##.#.####.######
.###..........#
.#..###......#
######.#.# #......#
#[...†.#.# #......#
###...###......#
#......##......#####
#.##..............##...
#.....@........##.##.##
####........#..##.##.#
#......#.......##.#
#.#....#.#..#..##.#
#....#.#..........#
#.####.#.##.#.##### ..
.# #.#. # . .. ...<>


Turn 1863 on D:3: 1

Levels and vault maps discovered:
D:1:      kilobyte_arrival_exit_the_forest, layout_loops_ring
D:2:      layout_basic, st_stairs_6, grunt_ministairs_8, uniq_terence,
          uniq_robin
D:3:      layout_loops_cross, minivault_24
D:4:      layout_cave_pools, nicolae_wu_jian_wuxing_cycle
D:5:      minmay_spotlight, layout_loops_ring,
          riverfiend_overflow_shadow_ancestor, ebering_ghost_reflecting_pool,
          doesnt_shop_hydraphobe, uniq_blork_the_orc
D:6:      layout_cave_pools, nicolae_benzene_ring, uniq_prince_ribbit1,
          uniq_maggie, uniq_eustachio, uniq_pikel
D:7:      layout_rooms, minmay_temple_entry_wispy, enter_bailey_6,
          serial_curves, eino_curves_01, eino_curves_01, eino_curves_01,
          eino_curves_04, uniq_joseph
D:8:      minmay_distorted_concentric_squares, layout_rooms, lair_entry_dummy,
          serial_shops, shop_fountains
D:9:      kennysheep_town, uniq_maurice
D:10:     layout_basic, nemelex_spade_bored_becter,
          nicolae_tso_swordbearing_angel, gammafunk_temple_overflow_wave,
          chequers_temple_overflow_statue_of_worship,
          nicolae_trove_entry_path_of_doom, uniq_grum
D:11:     layout_basic, minmay_orc_keep
D:12:     layout_irregular_city, amcnicky_mini_rare_corridor_liquid,
          nicolae_specific_store, hangedman_abyss_or_decor_lesser_grid,
          minmay_hollow_rounded_squares
D:13:     layout_long_grid, uniq_nessos
D:14:     layout_irregular_city, david_vaults_3, elyvilon_altar_3,
          hangedman_glass_teeth, uniq_josephine
D:15:     gammafunk_enter_depths_forms, layout_loops_ring, special_room
          [special_room_mythical_zoo], grunt_dithmenos_smoke_and_mirrors
Temple:   hellmonk_temple_flake
Lair:1:   layout_hall_layers
Lair:2:   layout_chaotic_city, minmay_swamp_entry_reptiles,
          hellmonk_spider_entry_not_the_bees, guppyfry_lair_drakes,
          grunt_megastairs_4, serial_bayou_shore_a
Lair:3:   layout_roguey, grunt_megastairs_1
Lair:4:   beast_lair_carwin_large_3, layout_regular_city, serial_bayou_lake_a,
          infiniplex_staircase_pool, uniq_sonja
Lair:5:   due_jungle_book, layout_layer_cave, nicolae_slime_entry_slimehenge,
          st_stairs_6, grunt_forest_large_clearing_hut, lemuel_fruit_tree
Spider:1: layout_chambers, nicolae_spider_bug_shape
Spider:2: layout_spider_delve, nicolae_spider_shape
Orc:1:    layout_caves
Orc:2:    st_orc_rangers, layout_diamond_mine, basic_altar,
          portal_ice_cave_entry_ice_simulacra
Elf:1:    layout_gridlike, minmay_elf_annihilation, hangedman_decor_cross_pass

Skill      XL: |  1  2  3  4  5  6  7  8  9 10 11 12 13 14 15 16 |
---------------+-------------------------------------------------+-----
Shields        | 3 4 5 6 7 8 10 11 12 13 | 13.3
Fighting       | 3 4 5 6 8 9 10 11 12 13 | 13.3
Dodging        | 3 4 5 6 7 |  7.6
Unarmed Combat | 3 4 5 6 8 9 10 12 13 14 15 17 | 17.0
Stealth        | 1 2 3 4 5 6 7 8 9 |  9.1

Action                   |  1- 3 |  4- 6 |  7- 9 | 10-12 | 13-15 | 16-18 || total
-------------------------+-------+-------+-------+-------+-------+-------++-------
Melee: Unarmed           |    86 |   192 |   205 |   743 |   820 |   614 ||  2660
       Dagger            |       |       |       |     1 |     1 |       ||     2
       Long sword        |       |       |       |     6 |    23 |    16 ||    45
       Staff             |       |       |       |       |       |   119 ||   119
Throw: Large rock        |       |       |    19 |    27 |    67 |    31 ||   144
       Throwing net      |       |       |       |     2 |       |       ||     2
Invok: Lunge             |       |       |       |    34 |       |     3 ||    37
       Whirlwind         |       |       |       |    11 |    22 |    32 ||    65
       Serpent's Lash    |       |       |       |     3 |     3 |     7 ||    13
       Heavenly Storm    |       |       |       |       |     2 |     3 ||     5
 Abil: Wall Jump         |       |       |       |     8 |    14 |    23 ||    45
Evoke: Wand              |       |       |       |    19 |     5 |     9 ||    33
       Condenser vane    |       |       |       |       |     1 |     2 ||     3
  Use: Scroll            |       |     6 |    13 |    13 |    15 |    10 ||    57
       Potion            |       |       |     3 |     4 |     5 |    11 ||    23
 Stab: Sleeping          |       |     2 |     3 |    14 |    17 |     7 ||    43
       Distracted        |       |       |     1 |       |     1 |       ||     2
       Invisible         |       |       |       |       |       |     2 ||     2
       Confused          |       |       |       |       |       |     1 ||     1
       Paralysed         |       |       |       |       |       |     1 ||     1
Armor: Robe              |    41 |    42 |    28 |    98 |       |    40 ||   249
       Troll leather arm |       |       |       |    19 |   220 |   218 ||   457
       Skin              |       |       |       |       |       |     9 ||     9
Dodge: Dodged            |    41 |    48 |    47 |   270 |   376 |   470 ||  1252
Block: Kite shield       |    42 |    84 |   101 |   375 |   568 |   557 ||  1727
